Map: Coda LE (Void)

Players

Legato

  • Race: Protoss Protoss

Javert - Winner!

  • Race: Zerg Zerg

VOD

Have the link to the VOD?

Description

Time

  • Played on: April 12, 2015, 12:32 a.m.
  • Length: 9:42
Show
View Real Time Build Order
Export as new Build Order

Legato Protoss 

Build Orders:  

Get SALT Encoding   

  12  0:10  Pylon  
  12  0:14  Probe  
  14  0:30  Gateway  
  14  0:31  Probe  
  14  0:43  Probe  
  15  0:51  Gateway  
  15  0:55  Probe  
  16  0:58  Assimilator  
  16  1:07  Probe  
  17  1:17  Cybernetics Core  
  17  1:23  Probe  
  18  1:36  Probe  
  18  1:37  Pylon  
  19  1:43  Assimilator  
  19  1:48  Probe  
  22  1:55  Adept (Chrono Boost)  
  22  1:58  Adept (Chrono Boost)  
  24  2:01  Probe  
  24  2:08  Warp Gate (Chrono Boost)  
  25  2:14  Probe  
  26  2:29  Mothership Core  
  28  2:50  Probe  
  29  3:18  Nexus  
  29  3:20  Probe  
  29  3:23  Gateway  
  29  3:25  Gateway  
  30  3:31  Stargate  
  30  3:34  Stargate  
  30  3:44  Pylon  
  30  3:54  Pylon  
  30  4:02  Probe  
  31  4:12  Pylon  
  31  4:14  Probe  
  32  4:20  Oracle x2 (Chrono Boost)  
  38  4:26  Probe  
  38  4:31  Probe  
  40  4:38  Probe  
  41  4:43  Probe  
  42  4:59  Adept x2  
  46  5:00  Adept x2  
  46  5:04  Probe x2  
  52  5:16  Probe x2  
  54  5:31  Probe, Void Ray (Chrono Boost)  
  54  5:32  Void Ray (Chrono Boost)  
  63  5:37  Probe (Chrono Boost), Pylon  
  63  5:39  Pylon  
  64  5:43  Adept  
  64  5:44  Probe (Chrono Boost)  
  64  5:48  Assimilator  
  64  5:49  Probe (Chrono Boost)  
  68  5:52  Assimilator  
  68  5:56  Probe (Chrono Boost)  
  69  6:05  Probe  
  69  6:07  Void Ray (Chrono Boost)  
  74  6:23  Void Ray (Chrono Boost)  
  78  6:27  Adept x2  
  78  6:29  Probe  
  83  6:33  Pylon  
  83  6:34  Probe, Pylon  
  84  7:06  Probe x2  
  84  7:07  Void Ray x2 (Chrono Boost)  
  94  7:10  Adept x3  
  100  7:29  Pylon  
  100  7:37  Nexus  
  100  7:44  Pylon  
  100  7:47  Probe x2  
  100  7:49  Twilight Council  
  102  7:51  Forge  
  102  7:56  Void Ray  
  64  8:38  Void Ray (Chrono Boost)  
  64  8:39  Void Ray (Chrono Boost)  
  68  8:42  Adept x4  
  72  8:53  Probe x2  
  74  8:56  Mothership Core  
  76  9:13  Adept x3  
  76  9:16  Probe (Chrono Boost)  
Show
View Real Time Build Order
Export as new Build Order

Javert Zerg - Winner!

Build Orders: Hatch First 

Get SALT Encoding   

  12  0:01  Drone  
  13  0:12  Overlord  
  13  0:20  Drone  
  14  0:31  Drone x2  
  16  0:37  Drone  
  17  0:56  Hatchery  
  16  0:58  Drone  
  16  1:02  Extractor  
  15  1:20  Spawning Pool  
  15  1:22  Drone  
  15  1:23  Drone  
  16  1:29  Drone  
  17  1:35  Drone  
  18  1:44  Drone  
  19  2:07  Queen x2  
  19  2:08  Metabolic Boost  
  23  2:13  Zergling x4  
  25  2:17  Drone  
  25  2:22  Overlord  
  26  2:35  Drone x2  
  28  2:44  Zergling x4  
  26  3:00  Drone  
  26  3:01  Drone x3  
  27  3:11  Drone  
  26  3:21  Drone x4  
  26  3:23  Queen  
  32  3:34  Drone x4  
  36  3:42  Overlord  
  36  4:01  Lair, Extractor  
  35  4:10  Drone x6  
  35  4:16  Hatchery, Overlord  
  40  4:29  Drone  
  40  4:30  Drone x3  
  44  4:34  Evolution Chamber  
  44  4:37  Drone x4  
  44  4:38  Drone x2  
  49  4:47  Roach Warren  
  49  4:49  Queen  
  49  4:52  Extractor  
  49  4:59  Overlord x2  
  49  5:01  Zerg Missile Weapons Level 1  
  49  5:07  Hydralisk Den  
  49  5:08  Spore Crawler  
  49  5:12  Spore Crawler  
  37  5:38  Muscular Augments  
  37  5:39  Drone x2  
  37  5:40  Drone x5  
  44  5:50  Drone x2  
  44  5:51  Drone x2  
  48  6:05  Roach x2  
  48  6:06  Roach x2  
  48  6:10  Hydralisk  
  58  6:16  Spore Crawler  
  57  6:20  Drone x4  
  57  6:21  Drone  
  57  6:24  Hydralisk  
  64  6:30  Overlord  
  64  6:39  Hydralisk  
  66  6:51  Drone  
  66  6:52  Drone x7  
  74  7:07  Overlord x2  
  74  7:08  Overlord  
  74  7:16  Zerg Missile Weapons Level 2  
  74  7:22  Overlord x2  
  74  7:25  Extractor  
  74  7:29  Overlord  
  72  7:30  Roach x6  
  84  7:38  Hydralisk x2  
  84  7:39  Hydralisk  
  90  7:49  Hydralisk x4  
  82  8:19  Hydralisk x2  
  73  8:20  Hydralisk x6  
  81  8:28  Drone x7  
  81  8:32  Drone  
  85  8:41  Queen x2  
  83  8:47  Drone x2  
  83  8:48  Drone x2  
  91  9:00  Drone  
  91  9:01  Drone x3  
  95  9:07  Ravager  
  95  9:08  Ravager x2  
  96  9:10  Drone x5  
  96  9:11  Extractor  
  96  9:14  Extractor  
  96  9:16  Drone x3  
Tags
 
Add a new tag
Caveats
  • Supply blocks, unpowered buildings, or Contaminate may cause inaccurate times.
  • Supply counts are checked every 10 seconds.